 Dungeon Crawl Stone Soup version 0.32-a0-931-g5a2cda0630 (webtiles) character file.

Game seed: 10244604741613961116

167 Maxmaps the Cudgeller (level 5, 0/54 HPs)
             Began as an Oni Monk on Apr 14, 2024.
             Slain by a centaur (1 damage)
             ... on level 4 of the Dungeon.
             The game lasted 00:02:51 (2249 turns).

Maxmaps the Cudgeller (Oni Monk)                    Turns: 2249, Time: 00:02:53

Health: 0/54       AC:  3    Str: 15    XL:     5   Next: 48%
Magic:  5/5        EV:  9    Int: 16    God:
Gold:   184        SH:  0    Dex: 11    Spells: 4/4 levels left

rFire   . . .        l - +6 spear "Noxki" {venom, rPois Will+ Int+3}
rCold   . . .        d - orb {light}
rNeg    . . .        b - +0 robe
rPois   +            (helmet restricted)
rElec   .            (no cloak)
rCorr   .            (gloves unavailable)
SInv    .            (boots unavailable)
Will    +....        (no amulet)
Stlth   +            (no ring)
HPRegen 0.29/turn    (no ring)
MPRegen 0.09/turn

%: no passive effects
@: glowing
A: large, unfitting armour, horns 1, tough skin 1, double potion healing,
drunken brawling
a: no special abilities


You were on level 4 of the Dungeon.
You visited 1 branch of the dungeon, and saw 4 of its levels.

You collected 184 gold pieces.

Inventory:

Hand Weapons
 a - a +0 mace
 l - the +6 spear "Noxki" (weapon) {venom, rPois Will+ Int+3}
   (You found it on level 2 of the Dungeon)

   Int+3:     It affects your intelligence (+3).
   rPois:     It protects you from poison.
   Will+:     It increases your willpower.
Armour
 b - a +0 robe (worn)
 d - an orb of light (worn)
Jewellery
 h - an amulet of faith
 p - an amulet of magic regeneration
Scrolls
 f - 3 scrolls of identify {unknown}
 i - 2 scrolls of amnesia {unknown}
 k - a scroll of brand weapon {unknown}
 m - a scroll of fear {unknown}
 r - a scroll of summoning {unknown}
Potions
 c - a potion of ambrosia
 e - 7 potions of curing {unknown}
 g - a potion of lignification {unknown}
 j - a potion of haste {unknown}
 n - a potion of cancellation {unknown}
 o - a potion of heal wounds {unknown}
 q - a potion of degeneration {unknown}


   Skills:
 - Level 4.0 Fighting
 - Level 5.0 Maces & Flails
 + Level 3.0 Polearms
 - Level 2.6 Dodging


You had 4 spell levels left.
You didn't know any spells.
Your spell library contained the following spells:

 Spells                   Type           Power      Damage    Failure   Level
 Magic Dart               Conj           0%         1d3       26%         1
 Blink                    Tloc           0%         N/A       36%         2
 Call Imp                 Summ           0%         N/A       36%         2
 Mercury Vapours          Alch/Air       0%         N/A       36%         2
 Mephitic Cloud           Conj/Alch/Air  0%         N/A       58%         3
 Freezing Cloud           Conj/Ice/Air   0%         6-21      100%        5


Dungeon Overview and Level Annotations

Branches:
Dungeon (4/15)
 Temple: D:4-7

Altars:
Xom


Innate Abilities, Weirdness & Mutations

You are too large for most types of armour.
You have a pair of small horns on your head.
You have tough skin. (AC +1)
You gain doubled healing and magic from potions.
Whenever you drink a healing potion, you attack all around you.


Message History

You are too injured to fight recklessly!
You are too injured to fight recklessly!
You are too injured to fight recklessly!
You are too injured to fight recklessly!
You are too injured to fight recklessly!
You are too injured to fight recklessly!
You are too injured to fight recklessly!
You are too injured to fight recklessly!
You are too injured to fight recklessly!
You are too injured to fight recklessly!
You are too injured to fight recklessly!
You are too injured to fight recklessly!
You are too injured to fight recklessly!
Unknown command.
The centaur shoots an arrow.
The arrow hits you.
The centaur shoots an arrow.
The arrow hits you.
* * * LOW HITPOINT WARNING * * *
Found a scroll labelled SOEDIQOUTH.
The centaur unwields a +0 shortbow.
The centaur hits you.
* * * LOW HITPOINT WARNING * * *
The centaur kicks you but does no damage.
You hit the centaur.
The centaur is lightly wounded.
The centaur hits you.
* * * LOW HITPOINT WARNING * * *
The centaur closely misses you. The centaur hits you.
* * * LOW HITPOINT WARNING * * *
The centaur barely misses you.
You puncture the centaur!
The centaur looks as sick as possible!
The centaur is heavily wounded.
The centaur hits you.
* * * LOW HITPOINT WARNING * * *
The centaur barely misses you.
You hit the centaur.
The centaur looks as sick as possible!
You headbutt the centaur.
The centaur is severely wounded.
The centaur hits you.
* * * LOW HITPOINT WARNING * * *
The centaur kicks you.
You die...

. .##### .....?. .....
....!>. #.#.. ...#... .
#+# #.#.#####.....#
.###.# #.#.##........#
..<..####.#.#.........#
.#.............#c...#
#†.......#.#.##@######
#.##...###.#.........#
#.#........#....######
#.#.##.#####.....# #...
#......$......$ ###.
#.#####.....### #. #.#
....<#... ##....#.###
#.#..#.#


You could see a centaur (extremely poisoned).

Vanquished Creatures
  A bombardier beetle (D:3)
  Terence (D:3)
  5 adders
  A dart slug (D:1)
  A ribbon worm (D:2)
  4 ball pythons
  6 endoplasms
  3 giant cockroaches
  6 goblins
  5 hobgoblins
  4 quokkas
  5 bats
  4 kobolds
  20 rats
66 creatures vanquished.

Notes
Turn   | Place    | Note
-------+----------+-------------------------------------------
     0 | D:1      | Maxmaps the Oni Monk began the quest for the Orb.
     0 | D:1      | Reached XP level 1. HP: 24/24 MP: 1/1
   152 | D:1      | Reached XP level 2. HP: 32/32 MP: 2/2
   372 | D:1      | Reached skill level 4 in Maces & Flails
   499 | D:1      | Reached XP level 3. HP: 39/39 MP: 3/3
   864 | D:2      | Found a faded altar of an unknown god.
  1017 | D:2      | Reached XP level 4. HP: 44/48 MP: 4/4
  1184 | D:2      | Identified the +6 spear "Noxki" {venom, rPois Will+ Int+3}
  1288 | D:2      | Reached skill level 5 in Maces & Flails
  1628 | D:3      | Reached skill level 1 in Polearms
  1702 | D:3      | Noticed Terence
  1706 | D:3      | Killed Terence
  1707 | D:3      | Reached XP level 5. HP: 54/54 MP: 5/5
  2069 | D:3      | Found a shimmering altar of Xom.
  2240 | D:4      | Noticed a centaur
  2249 | D:4      | HP: 1/54 [centaur (3)]
  2249 | D:4      | Slain by a centaur

Illustrated notes

Levels and vault maps discovered:
D:1:      dpeg_arrival_boxes_within_box, layout_rooms
D:2:      layout_basic, chequers_ecumenical_altar_simple, minmay_rat_hole
D:3:      layout_basic, mainiacjoe_overflow_24_doors, kennysheep_cluttered_room,
          kennysheep_generic_room_9, uniq_terence
D:4:      layout_basic, kennysheep_nondescript, nicolae_nh_ransacked_shop,
          uniq_edmund

Skill      XL: |  1  2  3  4  5 |
---------------+----------------+-----
Maces & Flails | 4 5 |  5.0
Polearms       | 2 3 |  3.0
Fighting       | |  4.0
Dodging        | |  2.6

Action                     |  1- 3 |  4- 6 || total
---------------------------+-------+-------++-------
  Melee: Mace              |    78 |     8 ||    86
         Headbutt          |    15 |     6 ||    21
         Spear             |       |    31 ||    31
 Armour: Robe              |    55 |    26 ||    81
  Dodge: Dodged            |    47 |    12 ||    59

Table legend: (Time is in decaauts)
 A = Elapsed time spent in this place.
 B = Non-inter-level travel time spent in this place.
 C = Inter-level travel time spent in this place.
 D = Time resting spent in this place.
 E = Time spent auto-exploring this place.
 F = Levels seen in this place.
 G = Mean time per level.
                   A        B        C        D        E       F      G
               +--------+--------+--------+--------+--------+-----+--------+
         Total |   2265 |   2222 |     43 |    177 |   1736 |   4 |  566.2 |
       Dungeon |   2265 |   2222 |     43 |    177 |   1736 |   4 |  566.2 |
               +--------+--------+--------+--------+--------+-----+--------+

Top non-repeatable levels by time:
     D:2: 751 daAuts
     D:3: 747 daAuts
     D:1: 741 daAuts
     D:4: 24 daAuts
